 Dungeon Crawl Stone Soup version 0.30.2 (webtiles) character file.

Game seed: 10817473983297490172

5591 porpoise the Skirmisher (level 10, -22/56 HPs)
             Began as a Tengu Hunter on Feb 29, 2024.
             Was a Follower of Hepliaklqana.
             Annihilated by Erolcha
             ... wielding a +0 giant club
              (27 damage)
             ... on level 9 of the Dungeon.
             The game lasted 00:20:47 (8445 turns).

porpoise the Skirmisher (Tengu Hunter)              Turns: 8445, Time: 00:20:48

Health: -22/56     AC: 15    Str: 11    XL:     10   Next: 72%
Magic:  11/11      EV: 18    Int:  9    God:    Hepliaklqana [*.....]
Gold:   345        SH:  0    Dex: 23    Spells: 9/9 levels left

rFire   . . .        a - +1 shortbow (flame)
rCold   . . .        (shield currently unavailable)
rNeg    + . .        x - +2 leather armour {rN+}
rPois   .            (helmet restricted)
rElec   .            J - +0 cloak
rCorr   .            r - +0 pair of gloves
SInv    .            (boots unavailable)
Will    .....        (no amulet)
Stlth   +++          h - +4 ring of protection
HPRegen 0.29/turn    u - +4 ring of protection
MPRegen 0.12/turn

%: no passive effects
@: flying quickly and evasively, quick
A: reduced essence, beak, talons 3, nimble flight
a: Renounce Religion, Recall Ancestor, Ancestor Identity


You were on level 9 of the Dungeon.
You worshipped Hepliaklqana.
Hepliaklqana was aware of your devotion.
You visited 2 branches of the dungeon, and saw 10 of its levels.

You collected 438 gold pieces.
You spent 93 gold pieces at shops.

Inventory:

Hand Weapons
 a - a +1 shortbow of flaming (weapon)
 b - a +0 short sword of electrocution
 E - a +0 lajatang
 I - a +4 great sword
Missiles
 y - 14 poisoned darts
 A - 6 boomerangs
 L - 6 javelins
Armour
 n - an orb of energy
 r - a +0 pair of gloves (worn)
 x - a +2 leather armour of positive energy (worn)
 B - a +0 ring mail of fire resistance
 D - a scarf of invisibility
 J - a +0 cloak (worn)
Magical Staves
 c - a staff of poison
Jewellery
 h - a +4 ring of protection (left hand)
 u - a +4 ring of protection (right hand)
Wands
 d - a wand of iceblast (1)
 w - a wand of paralysis (24)
 F - a wand of flame (22)
 G - a wand of digging (2)
Scrolls
 e - 5 scrolls of noise
 f - a scroll of vulnerability {unknown}
 g - a scroll of brand weapon
 j - 3 scrolls of immolation
 k - a scroll of blinking {unknown}
 o - a scroll of poison
 p - 2 scrolls of enchant weapon
 q - 2 scrolls of enchant armour {unknown}
 s - a scroll of teleportation
 C - a scroll of fear {unknown}
 H - a scroll of amnesia {unknown}
Potions
 i - 7 potions of curing
 l - 2 potions of attraction
 m - 3 potions of brilliance
 t - 2 potions of haste
 v - a potion of mutation
 z - a potion of ambrosia {unknown}
 K - 2 potions of might {unknown}
 M - a potion of cancellation


   Skills:
 - Level 7.0 Fighting
 * Level 14.4 Ranged Weapons
 - Level 5.0 Dodging
 - Level 5.0 Stealth


You had 9 spell levels left.
You didn't know any spells.
Your spell library contained the following spells:

 Spells                   Type           Power      Damage    Failure   Level
 Kiss of Death            Conj/Necr      0%         2d5       47%         1
 Summon Lightning Spire   Summ/Air       0%         N/A       99%         4
 Storm Form               Tmut/Air       0%         N/A       100%        7
 Maxwell's Capacitive Co  Air            0%         ∞         100%        8


Dungeon Overview and Level Annotations

Branches:
Dungeon (9/15)             Temple (1/1) D:7
   Lair: D:8-11         Orc: D:9-12

Altars:
Ashenzari
Cheibriados
Dithmenos
Elyvilon
Fedhas
Gozag
Hepliaklqana
Kikubaaqudgha
Makhleb
Nemelex Xobeh
Okawaru
Qazlal
Ru
Sif Muna
Trog
Uskayaw
Vehumet
Wu Jian
Xom
Zin
The Shining One

Shops:
D:9 *

Annotations:
D:9 Erolcha
Temple 2 transporters


Innate Abilities, Weirdness & Mutations

Your life essence is reduced to manifest your ancestor. (-10% HP)
You have a beak for a mouth.
You have claws for feet.
Your magical nature lets you fly swiftly and evasively.


Message History

The killer bee misses you.
There is an open door, spattered with blood here.
You shoot an arrow.
The arrow closely misses the killer bee.
The killer bee buzzes angrily. x3
The killer bee barely misses you.
You shoot an arrow. The arrow barely misses the killer bee.
The killer bee closely misses you.
The killer bee stings you but does no damage.
You shoot an arrow. The arrow barely misses the killer bee.
The arrow misses the killer bee.
The arrow hits the killer bee!
The arrow burns the killer bee.
The killer bee is severely wounded.
The killer bee completely misses you. Something hits you!!
* * * LOW HITPOINT WARNING * * *
The killer bee stings you but does no damage.
Items here: )) [ †.
There's a creature in the doorway!
You shoot an arrow. The arrow hits the killer bee.
The arrow burns the killer bee.
The killer bee is moderately wounded.
The killer bee barely misses you. The killer bee misses you.
You hear some strange, mumbled words.
Something tries to affect you, but you resist.
You shoot an arrow. The arrow hits the killer bee!
The arrow burns the killer bee.
The killer bee is almost dead.
The killer bee misses you. Something barely misses you.
The killer bee misses you.
You shoot an arrow.
The arrow hits the killer bee but does no damage.
The killer bee is almost dead.
The killer bee completely misses you.
You shoot an arrow. The arrow misses the killer bee.
The arrow hits the killer bee!
The arrow burns the killer bee.
The killer bee is severely wounded.
The killer bee closely misses you. The killer bee barely misses you.
Something hits you!!
You die...

#..........P
#.........P.
#..>........
#...........
#.....)...P.
#....)......
#..yyy...P.. #y###
. #@).# ..
####'#### .####
#.......# ....
#.......# #†..
#.......# ###...
#.......# ##.'...
#.......# #..#...
#.......# #.##...
#.......#####.##...


You could see 4 killer bees.

Vanquished Creatures
  Joseph (D:9)
  Grinder (D:6)
  Eustachio (D:6)
  9 yaks
  A wyvern (D:7)
  A wraith (D:9)
  2 water moccasins (D:9)
  An orc warrior (D:6)
  A sky beast (D:6)
  4 black bears
  An ogre (D:7)
  2 kobold brigands
  2 bullfrogs
  3 scorpions
  16 wights
  2 howler monkeys (D:8)
  7 orc priests
  3 hounds
  Ijyb (D:5)
  10 orc wizards
  2 iguanas
  7 gnolls
  3 adders
  3 shadow imps
  A white imp (D:7)
  2 ufetubi
  4 worms
  5 dart slugs
  30 orcs
  5 bats
  9 endoplasms
  A giant cockroach (D:3)
  8 goblins
  8 hobgoblins
  4 jackals (D:3)
  5 quokkas
  8 ball pythons
  2 frilled lizards
  15 kobolds
  5 rats
196 creatures vanquished.

Vanquished Creatures (collateral kills)
  An ice beast (D:8)
  2 bullfrogs (D:9)
  A wight (D:9)
4 creatures vanquished.

Vanquished Creatures (others)
  5 ancestors
5 creatures vanquished.

Grand Total: 205 creatures vanquished

Notes
Turn   | Place    | Note
-------+----------+-------------------------------------------
     0 | D:1      | porpoise the Tengu Hunter began the quest for the Orb.
     0 | D:1      | Reached XP level 1. HP: 12/12 MP: 2/2
    82 | D:1      | Reached XP level 2. HP: 17/17 MP: 3/3
   633 | D:2      | Reached XP level 3. HP: 22/22 MP: 4/4
   637 | D:2      | Reached skill level 5 in Ranged Weapons
   969 | D:2      | Found an ancient bone altar of Kikubaaqudgha.
  1444 | D:3      | Reached XP level 4. HP: 27/27 MP: 5/5
  1455 | D:3      | Found a faded altar of an unknown god.
  1477 | D:3      | Got Plato's Incunabulum of Rot
  1827 | D:3      | Found a sparkling altar of Nemelex Xobeh.
  2122 | D:4      | Gained mutation: Your magical nature lets you fly swiftly
                  | and evasively. [Tengu growth]
  2122 | D:4      | Reached XP level 5. HP: 32/32 MP: 6/6
  2497 | D:4      | Reached skill level 6 in Ranged Weapons
  2770 | D:4      | Reached XP level 6. HP: 35/37 MP: 7/7
  2868 | D:5      | Entered Level 5 of the Dungeon
  3011 | D:5      | Noticed a black bear
  3024 | D:5      | Killed a black bear
  3044 | D:6      | Noticed a black bear
  3058 | D:5      | HP: 1/38 [iguana (10)]
  3343 | D:5      | Noticed Ijyb
  3354 | D:5      | Killed Ijyb
  3500 | D:5      | Reached skill level 7 in Ranged Weapons
  3500 | D:5      | Reached XP level 7. HP: 18/42 MP: 8/8
  4298 | D:6      | Found a burning altar of Makhleb.
  4406 | D:6      | Noticed Grinder
  4413 | D:6      | Killed Grinder
  4414 | D:6      | Reached skill level 8 in Ranged Weapons
  4414 | D:6      | Reached XP level 8. HP: 48/48 MP: 9/9
  4567 | D:6      | Reached skill level 5 in Fighting
  4567 | D:6      | Reached skill level 5 in Stealth
  4992 | D:6      | Reached skill level 9 in Ranged Weapons
  5008 | D:6      | Noticed Eustachio
  5031 | D:6      | Killed Eustachio
  5360 | D:7      | Found a staircase to the Ecumenical Temple.
  5371 | Temple   | Entered the Ecumenical Temple
  5371 | Temple   | Found a transporter.
  5371 | Temple   | Found a transporter.
  5374 | Temple   | Found a transporter.
  5374 | Temple   | Found a transporter.
  5407 | Temple   | Became a worshipper of Hepliaklqana the Forgotten
  5480 | D:6      | Reached XP level 9. HP: 12/54 MP: 10/10
  5676 | D:7      | Found a snail-covered altar of Cheibriados.
  5680 | D:7      | Found an iron altar of Okawaru.
  5683 | D:7      | Found a shimmering altar of Xom.
  5683 | D:7      | Found a radiant altar of Vehumet.
  5690 | D:7      | Found a sacrificial altar of Ru.
  5742 | D:7      | Reached skill level 10 in Ranged Weapons
  6913 | D:8      | Reached skill level 5 in Dodging
  7303 | D:8      | Found a white marble altar of Elyvilon.
  7312 | D:8      | Reached * piety under Hepliaklqana
  7436 | D:8      | Reached skill level 11 in Ranged Weapons
  7494 | D:8      | Reached skill level 12 in Ranged Weapons
  7494 | D:8      | Reached XP level 10. HP: 33/56 MP: 11/11
  8250 | D:9      | Reached skill level 13 in Ranged Weapons
  8315 | D:9      | Found Veiruid's Assorted Antiques.
  8326 | D:9      | Bought a dark potion for 21 gold pieces
  8326 | D:9      | Bought a scroll labelled SUNIBE UNLYAN for 24 gold pieces
  8326 | D:9      | Bought a scroll of identify for 48 gold pieces
  8342 | D:9      | Noticed Joseph
  8369 | D:9      | Killed Joseph
  8404 | D:9      | Reached skill level 14 in Ranged Weapons
  8445 | D:9      | Annihilated by Erolcha

Illustrated notes

Levels and vault maps discovered:
D:1:      wander_arrival_estate, layout_loops_ring, nicolae_figureground_pulse
D:2:      layout_rooms, basic_altar, grunt_ministairs_1
D:3:      layout_basic, lemuel_crystal_altar,
          shapermc_ecumenical_altar_rom_forum
D:4:      layout_loops_corners, serial_glass, glass_columns_a, glass_columns_b
D:5:      layout_gridville, minmay_misc_feat_square, uniq_ijyb
D:6:      layout_cave_pools, amcnicky_altar_gilded, uniq_grinder, uniq_eustachio
D:7:      layout_loops_cross, nicolae_overflow_hallway_of_the_gods,
          minmay_temple_entry_tees
D:8:      layout_loops_ring, nicolae_elyvilon_temple_path
D:9:      layout_roguey, dk_yredelemnul_ordeal, due_lair_maze_entry_diamond,
          serial_shops, nicolae_shop_statue_plus, uniq_prince_ribbit1,
          uniq_joseph, uniq_erolcha
Temple:   hellmonk_temple_divided_pantheon

Skill      XL: |  1  2  3  4  5  6  7  8  9 10 |
---------------+-------------------------------+-----
Ranged Weapons | 5 6 7 8 9 12 14 | 14.4
Stealth        | 2 3 4 5 |  5.0
Fighting       | 3 4 5 7 |  7.0
Dodging        | 3 5 |  5.0

Action                     |  1- 3 |  4- 6 |  7- 9 | 10-12 || total
---------------------------+-------+-------+-------+-------++-------
  Melee: Short sword       |       |    21 |     1 |       ||    22
         Kick              |       |     6 |     1 |       ||     7
         Peck              |       |     2 |       |       ||     2
         Punch             |       |     1 |       |       ||     1
   Fire: Shortbow          |   112 |   117 |   333 |   162 ||   724
 Invoke: Ancestor Identity |       |       |     1 |       ||     1
         Recall Ancestor   |       |       |       |     1 ||     1
    Use: Scroll            |     1 |     4 |     6 |     1 ||    12
         Potion            |       |       |     1 |       ||     1
 Armour: Leather armour    |     9 |    53 |    77 |    16 ||   155
  Dodge: Dodged            |    21 |    71 |   144 |    56 ||   292
